[Event "Early-Titled-Tuesday-Blitz-March-19-2024"]
[Site "Chess.com"]
[Date "2024.03.19"]
[Round "3"]
[White "Seochesspie"]
[Black "Boundless_Strike"]
[Result "1-0"]
[WhiteElo "2893"]
[BlackElo "2626"]
[TimeControl "180+1"]
[EndTime "8:30:43 PDT"]
[Termination "Seochesspie won by checkmate"]

1. e4 d6 2. d4 Nf6 3. Nc3 c6 4. f3 Qa5 5. Be3 e5 6. Ne2 Be7 7. Nc1 O-O 8. Nb3 Qc7 9. Bd3 b5 10. O-O a5 11. a4 b4 12. Ne2 Be6 13. Nd2 Nbd7 14. c3 bxc3 15. bxc3 d5 16. Qc2 h6 17.
Kh1 c5 18. dxe5 Nxe5 19. Bb5 Rad8 20. Nf4 Bd6 21. Nxe6 fxe6 22. Bg1 Nf7 23. Rfe1 Bf4 24. exd5 exd5 25. Nf1 Nd6 26. Bd3 Rfe8 27. Bg6 Rxe1 28. Rxe1 Nc4 29. Qf5 d4 30. Qe6+ Kh8 31. Qxc4 dxc3 32.
Qxc3 c4 33. Bd4 Nd5 34. Qa1 c3 35. Be4 c2 36. Bxc2 Qxc2 37. Bxg7+ Kh7 38. Bd4 Rg8 39. g3 Bd6 40. Qb1 Rc8 41. Qxc2+ Rxc2 42. Ne3 Nxe3 43. Bxe3 Ra2 44. Rd1 Bb4 45. Rd7+ Kg6 46. Rb7 Rxa4 47. Rb6+ Kf7 48. Rxh6 Ra3 49. Bf4 Rxf3 50. Ra6 Rf2 51.
h4 Ra2 52. h5 a4 53. h6 Bc3 54. Ra7+ Kg6 55. Rc7 Bd4 56. Rd7 Bc3 57. Rd6+ Kh7 58.
g4 a3 59. g5 Kg8 60. g6 Kf8 61. Rd8+ Ke7 62. Bg5+ Ke6 63. g7 Bxg7 64. hxg7 Ra1+ 65. Kg2 Ra2+ 66. Kg3 Kf5 67. g8=Q Rg2+ 68. Kxg2 a2 69. Qxa2 Kg4 70. Bh4 Kh5 71. Qd5+ Kg4 72. Rg8+ Kf4 73. Bg3+ Ke3 74. Qf3+ Kd4 75. Rd8+ Kc5 76. Qc3+ Kb6 77. Rb8+ Ka7 78. Qa3# 1-0

[Event "Early-Titled-Tuesday-Blitz-March-19-2024"]
[Site "Chess.com"]
[Date "2024.03.19"]
[Round "3"]
[White "Makswolf200817"]
[Black "Chopper1905"]
[Result "1-0"]
[WhiteElo "2759"]
[BlackElo "2952"]
[TimeControl "180+1"]
[EndTime "8:30:48 PDT"]
[Termination "Makswolf200817 won by resignation"]

1. d4 Nf6 2. c4 e6 3. g3 c5 4.
d5 exd5 5. cxd5 d6 6. Nc3 g6 7.
Bg2 Bg7 8. Nf3 O-O 9. O-O Re8 10. Bf4 Bg4 11. Re1 Na6 12. h3 Bxf3 13. Bxf3 Nd7 14. Bg2 Ne5 15. e4 c4 16. Bf1 Rc8 17. Kg2 Qa5 18.
Qa4 Qc7 19. Qb5 Nb8 20. Be3 a6 21. Qb6 Qxb6 22. Bxb6 Nbd7 23. Be3 b5 24. a3 Nc5 25. Bxc5 Rxc5 26. Rad1 h5 27. f4 Nd7 28. Rd2 Rb8 29.
Rc1 h4 30. gxh4 Bh6 31. Kf3 Nf6 32. Ne2 b4 33. axb4 Rxb4 34. Nd4 Nh5 35. Rdc2 Bxf4 36. Rxc4 Rcxc4 37. Rxc4 Rxb2 38. Rc8+ Kg7 39. Bxa6 Be5 40. Nc6 Rb3+ 41. Kf2 Bf6 42. e5 Bxh4+ 43. Ke2 Nf4+ 44. Kd2 dxe5 45. d6 Ra3 46. Bb5 e4 47. Re8 Bg5 48.
Rxe4 Nd5+ 49. Kc2 Nc3 50. Re5 Nxb5 51. Rxb5 Bh4 52. Rd5 Rxh3 53. d7 Rh2+ 54. Kd3 Rh3+ 55. Ke2 Rh2+ 56. Kf3 Rc2 57. Ne5 Bd8 58. Nd3 Kf6 59.
Nc5 Rc3+ 60. Ke4 Ke7 61. Nb7 Rc7 62. Re5+ Kxd7 63. Rd5+ Ke7 64. Nxd8 Rc4+ 65. Kf3 Rc7 66. Rd3 Rc8 67. Nb7 Rc6 68. Na5 Rc1 69. Nb3 Rb1 70. Nd2 Rh1 71. Kg2 Ra1 72. Re3+ Kf6 73. Ne4+ Kg7 74. Ng3 Kh6 75. Re5 Ra7 76. Rb5 Kg7 77.
Kf3 Ra4 78. Ne4 f6 79. Rb7+ Kh6 80. Nxf6 Kg5 81. Ne4+ Kf5 82. Rb5+ Ke6 83. Nc5+ 1-0

[Event "Early-Titled-Tuesday-Blitz-March-19-2024"]
[Site "Chess.com"]
[Date "2024.03.19"]
[Round "3"]
[White "PLAYER_2006_M"]
[Black "GlavkonVVS"]
[Result "1-0"]
[WhiteElo "2935"]
[BlackElo "2695"]
[TimeControl "180+1"]
[EndTime "8:30:56 PDT"]
[Termination "PLAYER_2006_M won on time"]

1. e4 Nf6 2. e5 Nd5 3. d4 d6 4.
Nf3 Bg4 5. h3 Bh5 6. Be2 e6 7.
O-O Be7 8. Nbd2 Nf4 9. Bb5+ c6 10.
exd6 Bxd6 11. Bc4 O-O 12. Ne4 Bc7 13. c3 Nd7 14. Ng3 Bg6 15. Re1 Re8 16. a4 a6 17. a5 Nd5 18. Qa4 c5 19. Bxd5 exd5 20.
Bg5 f6 21. Bd2 Bxg3 22. Rxe8+ Bxe8 23. fxg3 Ne5 24. Qd1 cxd4 25. Nxd4 Bg6 26. Bf4 Nd3 27. Qe2 Qd7 28. b4 Re8 29. Qd2 Be4 30. Kh2 g5 31. Be3 Bg6 32. Nb3 Qb5 33. Nc5 Qc4 34.
Nxd3 Qxd3 35. Qxd3 Bxd3 36. Bd4 Re6 37. Rd1 Be4 38. Kg1 Kf7 39. Kf2 Kg6 40. Rd2 f5 41. Rb2 Bd3 42. Rd2 Bc4 43. Be3 h6 44. Rd4 Re4 45. Rd1 Kf6 46. Rd2 Ke6 47. Bd4 f4 48. gxf4 Rxf4+ 49. Kg3 Kf5 50. Be3 Re4 51. Rf2+ Kg6 52.
Bd4 Re6 53. h4 gxh4+ 54. Kxh4 Re4+ 55. Kg3 Re6 56. Rf8 h5 57. Rg8+ Kf5 58. Kh4 Be2 59.
Rg7 Rg6 60. Rxb7 Rxg2 61. Re7 Bf3 62. Rf7+ Ke4 63. b5 axb5 64. a6 Rh2+ 65. Kg3 Rg2+ 66. Kh3 Ra2 67. a7 b4 68. Re7+ Kf4 69. Be3+ Kf5 70. cxb4 Bg4+ 71. Kg3 Ra3 72. Re8 d4 73. a8=Q Rxa8 74. Rxa8 dxe3 75. Re8 e2 76. b5 Kg5 77. b6 h4+ 78. Kf2 h3 79. b7 h2 80.
Kg2 Kf4 81. Kxh2 Bf3 82. b8=Q+ 1-0

[Event "Early-Titled-Tuesday-Blitz-March-19-2024"]
[Site "Chess.com"]
[Date "2024.03.19"]
[Round "3"]
[White "AA95"]
[Black "Hope_6"]
[Result "0-1"]
[WhiteElo "2488"]
[BlackElo "2709"]
[TimeControl "180+1"]
[EndTime "8:30:57 PDT"]
[Termination "Hope_6 won by checkmate"]

1. Nf3 d5 2. g3 Bg4 3. Bg2 Nd7 4. d4 e6 5. O-O Ngf6 6. c3 c6 7. h3 Bh5 8. Bf4 Be7 9. Nbd2 O-O 10. Re1 a5 11. a4 b5 12. e4 Qb6 13. e5 Ne8 14.
b3 Nc7 15. g4 Bg6 16. h4 bxa4 17. h5 Bd3 18. Re3 Ba6 19. bxa4 Rfb8 20. h6 g6 21. Ng5 c5 22. Rb1 Qa7 23. Rxb8+ Rxb8 24. Nb3 Bc4 25. Nxc5 Nxc5 26. dxc5 Bxc5 27. Rf3 Rb2 28. Kh2 Be2 29. Qc1 Rb8 30. Rg3 Bxf2 31. Be3 Bxe3 32. Rxe3 Bxg4 33. Qf1 Bf5 34. Qf4 Qc5 35. Bh3 Qc4 36.
Qxc4 dxc4 37. Bxf5 exf5 38. Re2 Nd5 39. Rd2 Nxc3 40. Rd7 Ne4 41. Nxf7 Rc8 42. Nd6 Nxd6 43.
exd6 c3 44. Rc7 Rd8 45. d7 Kf7 46. Rxc3 Rxd7 47. Rc5 Kf6 48. Rxa5 Kg5 49. Ra8 Rd3 50.
a5 Kxh6 51. a6 Ra3 52. Kg2 Kg5 53. Kf2 h5 54. Kg2 h4 55. Kh2 Kg4 56. a7 Ra2+ 57. Kg1 g5 58. Kh1 f4 59. Kg1 h3 60. Rb8 Rxa7 61.
Rb2 Ra3 62. Kh2 Rg3 63. Rb1 Rg2+ 64. Kh1 Rc2 65. Rg1+ Kh4 66. Rf1 Rb2 67. Rf3 Kg4 68.
Rf1 f3 69. Rg1+ Kh4 70. Rc1 g4 71. Ra1 Kg3 72. Rg1+ Kf4 73. Ra1 g3 74. Ra4+ Ke5 75. Ra5+ Kd4 76. Ra4+ Kc5 77. Ra5+ Kb4 78. Ra1 Re2 79.
Rb1+ Kc3 80. Rg1 Rh2# 0-1

[Event "Early-Titled-Tuesday-Blitz-March-19-2024"]
[Site "Chess.com"]
[Date "2024.03.19"]
[Round "3"]
[White "maximnovik"]
[Black "Nitzan_Steinberg"]
[Result "0-1"]
[WhiteElo "2619"]
[BlackElo "2875"]
[TimeControl "180+1"]
[EndTime "8:30:58 PDT"]
[Termination "Nitzan_Steinberg won by checkmate"]

1. e4 e5 2. Nf3 Nc6 3. Bb5 a6 4. Ba4 Nf6 5. d3 d6 6. c3 g6 7. O-O Bg7 8. Re1 O-O 9. Bxc6 bxc6 10. d4 Nd7 11. h3 a5 12. Na3 Ba6 13. Bg5 Qc8 14. Qd2 Re8 15. Rad1 Rb8 16. b3 exd4 17. cxd4 c5 18. Qxa5 Ra8 19. Qd2 Bb7 20. Nc4 Bxe4 21. dxc5 Nxc5 22. Nd4 Qb7 23. f3 Bd3 24. Be3 Qd5 25.
Nb5 Qc6 26. Nd4 Qb7 27. Bf2 h5 28. Rxe8+ Rxe8 29. Re1 Qa8 30. Rxe8+ Qxe8 31. Nc2 Bxc4 32. bxc4 Qa4 33. Ne3 Be5 34. Nd5 Qxc4 35. Nxc7 Nd3 36. Be3 Nf4 37. Ne8 Ne2+ 38. Kf2 Bg3+ 39. Kf1 Nd4+ 40.
Kg1 Nf5 41. Bf2 Bf4 42. Qb2 Be5 43. Qd2 Qb5 44. Nc7 Qb1+ 45. Qe1 Qxa2 46. Nb5 Qd5 47.
Nc3 Qc4 48. Ne4 Kg7 49. Qd1 Bd4 50. Bxd4+ Nxd4 51. Nf2 Qc5 52. Ne4 Qb6 53. Kh1 Nf5 54.
Qa1+ Qd4 55. Qxd4+ Nxd4 56. Nxd6 h4 57. Ne4 f5 58. Nd2 Ne2 59. Nf1 Kf6 60. Nd2 Ke5 61. Nc4+ Kf4 62. Nd6 Kg3 63. Nf7 Kf2 64. Ne5 Nf4 65.
Kh2 g5 66. Nf7 Nxg2 67. Nxg5 Ne1 68. f4 Nf3+ 69. Nxf3 Kxf3 70. Kg1 Kg3 71. Kf1 Kxh3 72. Kf2 Kg4 73. Ke3 Kg3 74. Kd4 h3 75. Ke5 h2 76.
Kxf5 h1=Q 77. Kg5 Qh4+ 78. Kf5 Qxf4+ 79. Ke6 Qg5 80. Kd6 Kf4 81. Ke6 Ke4 82. Kd6 Qf6+ 83.
Kd7 Kd5 84. Kc7 Qc6+ 85. Kd8 Qb7 86. Ke8 Ke6 87. Kd8 Qd7# 0-1

[Event "Early-Titled-Tuesday-Blitz-March-19-2024"]
[Site "Chess.com"]
[Date "2024.03.19"]
[Round "3"]
[White "ragnaroek66"]
[Black "Zurability"]
[Result "1-0"]
[WhiteElo "2525"]
[BlackElo "2721"]
[TimeControl "180+1"]
[EndTime "8:31:00 PDT"]
[Termination "ragnaroek66 won by resignation"]

1. d4 Nf6 2. c4 e6 3. Nf3 d5 4. g3 Be7 5. Bg2 O-O 6. O-O a5 7. Qc2 c6 8. Rd1 b6 9. Nbd2 Bb7 10. e4 Na6 11. a3 Rc8 12. e5 Nd7 13. cxd5 cxd5 14.
Qd3 Qc7 15. Nb1 Qxc1 16. Rxc1 Rxc1+ 17. Bf1 Nab8 18. b4 axb4 19. axb4 Bxb4 20. Kg2 Rfc8 21. Ra4 Ba5 22. Qb3 Nc6 23. Qb2 Nd8 24. Bb5 Nb8 25. Bd3 Rd1 26. Be2 Rdc1 27. Bd3 R1c7 28. Nfd2 Bc6 29.
Ra2 Be8 30. Nb3 Bb4 31. Qe2 g6 32. N1d2 Rc3 33. Na1 Nbc6 34. Nf3 Be7 35. Rc2 Nb4 36. Rxc3 Rxc3 37. Bb1 Rc1 38. Qb2 Rc4 39. Ba2 Rc8 40. Bb3 Ndc6 41. Nc2 Nd3 42. Qc3 Nc1 43. Qb2 Nxb3 44. Qxb3 Na5 45. Qb1 Nc4 46. Ne3 b5 47.
Ne1 Bc6 48. Nd3 Rb8 49. Nb4 Bd7 50. Nec2 Ra8 51. Qb3 Ra4 52. h4 h5 53. Qb1 Kg7 54. Qb3 Nd2 55. Qb2 Ne4 56. f3 Nd2 57. Kh3 Nc4 58. Qc3 Ra8 59. Qb3 Ra4 60. Qc3 f6 61. f4 fxe5 62. fxe5 g5 63. hxg5 Bxg5 64. Qf3 Kg6 65.
Qd3+ Kg7 66. Qf3 Be7 67. Qc3 Ra8 68. Nd3 Ra2 69. Ncb4 Re2 70. Nc5 Re3 71. Qc2 Be8 72. Nxe6+ Kf7 73. Nf4 Bd7+ 74. e6+ Bxe6+ 75. Nxe6 Rxe6 76.
Nxd5 Nd6 77. Qh7+ Ke8 78. Nc7+ Kd7 79. Nxe6 Kxe6 80. Qxh5 Bf6 81. d5+ Kd7 82. Qe2 b4 83.
Qe6+ Kc7 84. Qxf6 Kb6 85. Qb2 Kc5 86. g4 Nc4 87. Qf2+ Kxd5 88. g5 b3 89. g6 b2 90.
Qc2 1-0

[Event "Early-Titled-Tuesday-Blitz-March-19-2024"]
[Site "Chess.com"]
[Date "2024.03.19"]
[Round "3"]
[White "jup1978"]
[Black "mbojan"]
[Result "0-1"]
[WhiteElo "2525"]
[BlackElo "2798"]
[TimeControl "180+1"]
[EndTime "8:31:22 PDT"]
[Termination "mbojan won by checkmate"]

1. e4 e6 2. d4 a6 3. c4 d5 4. Nc3 dxe4 5. Nxe4 Bb4+ 6. Nc3 c5 7.
Nf3 Nf6 8. Be2 Nc6 9. Be3 cxd4 10. Nxd4 Bd7 11. O-O Nxd4 12. Qxd4 Bc6 13. a3 Bxc3 14.
Qxc3 O-O 15. Bg5 Ne4 16. Bxd8 Nxc3 17. bxc3 Rfxd8 18. Rfd1 Kf8 19. f3 Ke7 20. Kf2 e5 21. Ke3 Rxd1 22. Rxd1 Rd8 23. Rxd8 Kxd8 24. g3 Ke7 25. c5 f5 26. f4 Kf6 27. Bc4 h6 28. Bd3 g5 29. Bc4 exf4+ 30. gxf4 h5 31. Be2 g4 32. Bc4 h4 33. Kf2 Be4 34. Bb3 Ke7 35.
Ba4 Kd8 36. Bb3 Kc8 37. Bd1 Kd7 38. Ba4+ Kc7 39. Be8 Bc6 40. Bf7 Kd7 41. Bb3 Be4 42.
Ba4+ Ke6 43. Bb3+ Bd5 44. Bc2 Bc4 45. Bb1 Bb3 46. Bd3 Kf6 47. c6 bxc6 48. Bxa6 Bc2 49. Bb7 c5 50. Bc6 Ke6 51. Bb7 Kd6 52. Bc8 Kc6 53. Be6 Kb5 54. Bd7+ Kb6 55. Be8 Be4 56. Bd7 Kc7 57. Be8 Kd6 58. Bb5 Kd5 59. a4 Kd6 60. a5 Kc7 61. a6 Kb6 62. Bc4 Ka7 63.
Be2 Kb6 64. Bc4 Kc7 65. Be2 Bd5 66. Bd3 Be6 67. Be2 c4 68. Bf1 Kb6 69. Bg2 Kxa6 70.
Bc6 Kb6 71. Be8 Kc5 72. Ba4 Kd5 73. Ke3 Kc5 74. Bc2 Bd7 75. Kf2 Kd5 76. Ke3 Bc8 77. Kf2 Ke6 78. Ke3 Bb7 79. Kf2 Be4 80. Ba4 Kd5 81. Bd1 Kc5 82. Ke3 Bd3 83. Kf2 Kb6 84. Ke3 Kc6 85. Kf2 Kd6 86. Ke3 Kd5 87. Ba4 Be4 88. Kf2 Bh1 89. Bd1 Ke4 90. Bc2+ Kxf4 91. Bd1 Be4 92. Be2 Bd3 93. Bd1 g3+ 94. hxg3+ hxg3+ 95.
Kg2 Be4+ 96. Kg1 Ke3 97. Be2 Bd5 98. Bf1 f4 99. Be2 f3 100. Bxf3 Kxf3 101. Kh1 Kf2# 0-1

[Event "Early-Titled-Tuesday-Blitz-March-19-2024"]
[Site "Chess.com"]
[Date "2024.03.19"]
[Round "3"]
[White "Kirill_Klukin"]
[Black "ExchangeAB"]
[Result "1/2-1/2"]
[WhiteElo "2809"]
[BlackElo "2535"]
[TimeControl "180+1"]
[EndTime "8:31:36 PDT"]
[Termination "Game drawn by repetition"]

1. d4 Nf6 2. Nf3 d5 3. c4 e6 4. Nc3 Bb4 5. Bd2 O-O 6. e3 c5 7. a3 Bxc3 8. Bxc3 cxd4 9. Nxd4 e5 10. Nf3 e4 11. Nd4 Nc6 12. Nxc6 bxc6 13. Be2 Be6 14. O-O dxc4 15. Qa4 Qd5 16. Bxf6 gxf6 17. Rac1 Qb5 18. Qc2 f5 19. Bxc4 Bxc4 20. Qxc4 Qxb2 21.
Qxc6 Rac8 22. Qxc8 Rxc8 23. Rxc8+ Kg7 24. a4 Qa3 25.
Rc4 Qb3 26. Rfc1 Kg6 27. g3 Qa2 28. Kg2 h5 29. h4 Qe2 30. Rc8 f4 31. exf4 Qf3+ 32.
Kg1 e3 33. R8c2 exf2+ 34. Rxf2 Qe3 35. Rc2 Kf5 36. Kh2 a5 37. Rfe2 Qd3 38. Rcd2 Qc3 39. Kg2 Kg4 40. Kf1 Qf3+ 41. Rf2 Qh1+ 42. Ke2 Kxg3 43.
Rd3+ Kg4 44. Rff3 Qg2+ 45. Rf2 Qe4+ 46. Re3 Qc2+ 47. Kf1 Qc4+ 48. Ree2 Qxa4 49. f5 Qd1+ 50. Kg2 Qd5+ 51. Kh2 Qd6+ 52. Kg2 Qd5+ 53. Kg1 Kxh4 54. Rh2+ Kg5 55. Rhg2+ Kf6 56. Rd2 Qc5+ 57. Kh1 a4 58.
Rc2 Qd5 59. Rd2 Qb3 60. Rb2 Qd1+ 61. Kh2 a3 62. Rbd2 Qb1 63. Ra2 Qb8+ 64. Kh3 Qd6 65. Rg3 Kxf5 66. Raxa3 Kf6 67. Raf3+ Ke7 68. Re3+ Kf8 69.
Rgf3 Qd7+ 70. Kg2 Qg4+ 71. Kf2 h4 72. Rh3 Qf4+ 73. Kg2 Qg4+ 74. Kh2 f5 75. Ref3 f4 76. Rf2 Ke7 77. Rhf3 h3 78. Rxf4 Qg5 79. R4f3 Qg4 80. Rg3 Qa4 81. Kxh3 Kd6 82. Rgf3 Ke5 83. Rf5+ Ke6 84.
Rf6+ Ke7 85. Rf7+ Ke8 86. Rf8+ Ke7 87. R8f4 Qb3+ 88. Kg2 Qb1 89. Re2+ Kd6 90. Rd4+ Kc5 91. Rdd2 Qg6+ 92. Kf1 Qf5+ 93. Rf2 Qh3+ 94. Ke2 Qg4+ 95. Rf3 Qg2+ 96. Ke3 Qg5+ 97. Kd3 Qd5+ 98. Ke2 Qe4+ 99. Re3 Qg4+ 100. Kf2 Qf4+ 101. Ke2 Qg4+ 102. Rf3 Qe4+ 103. Kf2 Qh4+ 104. Kf1 Qh1+ 105. Ke2 Qg2+ 106. Rf2 Qe4+ 107. Kd1 Qb1+ 108. Ke2 Qe4+ 109. Kf1 Qh1+ 110. Ke2 Qe4+ 1/2-1/2

[Event "Early-Titled-Tuesday-Blitz-March-19-2024"]
[Site "Chess.com"]
[Date "2024.03.19"]
[Round "3"]
[White "Sina_Movahed"]
[Black "Agibileg"]
[Result "1/2-1/2"]
[WhiteElo "3085"]
[BlackElo "2828"]
[TimeControl "180+1"]
[EndTime "8:32:21 PDT"]
[Termination "Game drawn - insufficient material"]

1. e4 e5 2. Nf3 Nc6 3. Bb5 a6 4. Ba4 Nf6 5. O-O d6 6. Re1 Bd7 7. c3 g6 8. d4 Bg7 9. h3 O-O 10. Nbd2 exd4 11. cxd4 Nb4 12. Bxd7 Nxd7 13. a3 Nd3 14.
Re3 Nxc1 15. Rxc1 c5 16. Nc4 cxd4 17. Re1 Qf6 18. b4 Rfc8 19. Qb3 b5 20. Ncd2 Rc3 21.
Qd5 Rac8 22. Rcd1 Nb6 23. Qb7 Na4 24. Qxa6 Nb2 25. Rb1 Nd3 26. Qxb5 Nxe1 27. Rxe1 Rxa3 28. Qb7 Qd8 29. Qd5 h6 30. Nc4 Ra7 31. Nxd6 Rd7 32. e5 Bf8 33. Qxd4 Bxd6 34. exd6 Rxd6 35. Qf4 Rd1 36.
Rxd1 Qxd1+ 37. Kh2 Qc2 38. Ne5 Qc7 39. g3 Re8 40.
Nxg6 Qxf4 41. Nxf4 Rb8 42. Nd3 Rd8 43. Nc5 Rd2 44.
Kg2 Rb2 45. Na6 Ra2 46. b5 Ra5 47. Nc7 Ra7 48. b6 Rb7 49. Nd5 Kf8 50. Kf3 Ke8 51.
Ke4 Kd7 52. Ke5 Kc6 53. f4 Rd7 54. Nf6 Re7+ 55. Kf5 Re3 56. Ne4 Kxb6 57. h4 Kc6 58. g4 Kd7 59. Nf6+ Kd8 60. g5 hxg5 61. fxg5 Rh3 62. h5 Ke7 63. h6 Kf8 64. Kg4 Rh1 65. Kf5 Rf1+ 66. Ke5 Re1+ 67. Kf4 Rf1+ 68. Kg4 Rg1+ 69.
Kf5 Rf1+ 70. Ke5 Re1+ 71. Kd4 Rg1 72. Ke4 Re1+ 73. Kf3 Rf1+ 74. Kg2 Rf4 75. Kh3 Rf1 76. Kg3 Rh1 77. Kf2 Rh4 78. Kg3 Rh1 79. Kf3 Rh3+ 80. Kg4 Rh1 81. Nh5 Rg1+ 82. Kf5 Rf1+ 83. Ke5 Re1+ 84.
Kf4 Rf1+ 85. Kg4 Rg1+ 86. Kf5 Kg8 87. Nf6+ Kh8 88. Ne4 Rf1+ 89. Ke5 Re1 90. Kf5 Rf1+ 91. Kg4 Kh7 92. Kh5 Rh1+ 93. Kg4 Kg6 94. Kf4 Rf1+ 95. Ke5 Rf5+ 96. Kd4 Rf1 97. Ke5 Re1 98. Kf4 Rf1+ 99. Kg4 Rg1+ 100. Kf4 Rh1 101. Kg4 Rh5 102. Kf4 Rh4+ 103. Kf3 Rxh6 104. gxh6 Kxh6 105. Kf4 Kg6 106. Nd6 f5 107. Nxf5 1/2-1/2

[Event "Early-Titled-Tuesday-Blitz-March-19-2024"]
[Site "Chess.com"]
[Date "2024.03.19"]
[Round "4"]
[White "geminithegreat"]
[Black "ahmedkandiliii"]
[Result "0-1"]
[WhiteElo "2221"]
[BlackElo "2495"]
[TimeControl "180+1"]
[EndTime "8:34:01 PDT"]
[Termination "ahmedkandiliii won by resignation"]

1. Nf3 Nf6 2. d4 g6 3. c4 Bg7 4. g3 O-O 5. Bg2 c5 6. d5 d6 7. O-O e6 8. Nc3 exd5 9. cxd5 Nbd7 10. Bf4 Qe7 11. Ne4 Nxe4 0-1

[Event "Early-Titled-Tuesday-Blitz-March-19-2024"]
[Site "Chess.com"]
[Date "2024.03.19"]
[Round "4"]
[White "Keeper0416"]
[Black "ChempionBg"]
[Result "1-0"]
[WhiteElo "2565"]
[BlackElo "2366"]
[TimeControl "180+1"]
[EndTime "8:34:16 PDT"]
[Termination "Keeper0416 won by resignation"]

1. d4 Nf6 2. c4 g6 3. Nc3 Bg7 4.
e4 d6 5. Nf3 O-O 6. Be2 e5 7. d5 a5 8. Bg5 Na6 9. Nd2 h6 10. Be3 Nc5 11. a3 Bd7 12. b4 axb4 13. axb4 Ra2 14. Rxa2 1-0

[Event "Early-Titled-Tuesday-Blitz-March-19-2024"]
[Site "Chess.com"]
[Date "2024.03.19"]
[Round "4"]
[White "Fjal"]
[Black "MikeWizard"]
[Result "1-0"]
[WhiteElo "2328"]
[BlackElo "2114"]
[TimeControl "180+1"]
[EndTime "8:34:51 PDT"]
[Termination "Fjal won by resignation"]

1. Nf3 Nf6 2. g3 g6 3. Bg2 Bg7 4. O-O O-O 5. d3 d6 6. e4 e5 7.
Nc3 Nbd7 8. h3 h6 9. Be3 Kh7 10. Qd2 b6 11. d4 exd4 12. Nxd4 Ne5 13. b3 Bb7 14. Rad1 a6 15. f4 Ned7 16. a4 Qe7 17. Rfe1 Nxe4 18. Nxe4 Bxe4 19. Bf2 d5 20. Bxe4 dxe4 21.
Nc6 Qc5 22. Bxc5 1-0

[Event "Early-Titled-Tuesday-Blitz-March-19-2024"]
[Site "Chess.com"]
[Date "2024.03.19"]
[Round "4"]
[White "Carlos-Godoy"]
[Black "Akylbek2021"]
[Result "0-1"]
[WhiteElo "2079"]
[BlackElo "2322"]
[TimeControl "180+1"]
[EndTime "8:35:13 PDT"]
[Termination "Akylbek2021 won by resignation"]

1. e4 e6 2. d4 d5 3. Nc3 Bb4 4. Ne2 Ne7 5. a3 Ba5 6. Bg5 h6 7. Bh4 c6 8. g3 g5 9. b4 Bc7 10.
Bg2 gxh4 11. gxh4 Ng6 12. h5 Nh4 13. Bh3 Nf3+ 14. Kf1 Qh4 15. Kg2 Ng5 16. Ng1 Rg8 0-1

[Event "Early-Titled-Tuesday-Blitz-March-19-2024"]
[Site "Chess.com"]
[Date "2024.03.19"]
[Round "4"]
[White "Horokoskii"]
[Black "Fore_Man"]
[Result "1-0"]
[WhiteElo "2153"]
[BlackElo "2318"]
[TimeControl "180+1"]
[EndTime "8:35:42 PDT"]
[Termination "Horokoskii won by checkmate"]

1. c4 e5 2. Nc3 Bb4 3. Nd5 Be7 4. Nf3 c6 5. Nc3 Qc7 6. e4 Nf6 7. Be2 Bb4 8. d3 O-O 9. O-O d5 10. cxd5 Bxc3 11. bxc3 cxd5 12. exd5 Qxc3 13. Bd2 Qc5 14.
Nxe5 Qxd5 15. Nc4 Nc6 16. Bc3 Bf5 17. Ne3 Qe6 18. Nxf5 Qxf5 19. Re1 Rfd8 20. Qb3 Rab8 21. Rad1 Nd4 22. Bxd4 Rxd4 23. Bf3 b6 24. Re7 Rd7 25.
Qxf7+ Kh8 26. Qxg7# 1-0

[Event "Early-Titled-Tuesday-Blitz-March-19-2024"]
[Site "Chess.com"]
[Date "2024.03.19"]
[Round "4"]
[White "Chess_Gainz"]
[Black "GMG"]
[Result "0-1"]
[WhiteElo "2531"]
[BlackElo "2782"]
[TimeControl "180+1"]
[EndTime "8:35:54 PDT"]
[Termination "GMG won by resignation"]

1. e4 e5 2. Nf3 Nc6 3. Bb5 a6 4. Ba4 Nf6 5. d3 d6 6. c3 g6 7. O-O Bg7 8. h3 O-O 9. Re1 Nh5 10. Nbd2 Bd7 11. Nf1 Qe8 12. Bc2 f5 13. Ng3 f4 14.
Nxh5 gxh5 15. d4 Kh8 16. dxe5 Nxe5 17. Nxe5 Bxe5 18. f3 Rg8 19. Kh2 Qg6 0-1

[Event "Early-Titled-Tuesday-Blitz-March-19-2024"]
[Site "Chess.com"]
[Date "2024.03.19"]
[Round "4"]
[White "Agibileg"]
[Black "AttackSparrow"]
[Result "1-0"]
[WhiteElo "2832"]
[BlackElo "2643"]
[TimeControl "180+1"]
[EndTime "8:36:01 PDT"]
[Termination "Agibileg won by resignation"]

1. d4 d5 2. c4 e6 3. Nc3 Nf6 4.
cxd5 exd5 5. Bg5 Bb4 6. e3 h6 7. Bh4 g5 8. Bg3 Ne4 9. Ne2 h5 10.
f3 Nxg3 11. hxg3 c6 12. Qc2 Qe7 13. e4 dxe4 14. fxe4 Bg4 15. O-O-O Nd7 16. Kb1 O-O-O 17. Nd5 Qd6 18. Nxb4 Qxb4 19. a3 Qa4 20. Qxa4 1-0

[Event "Early-Titled-Tuesday-Blitz-March-19-2024"]
[Site "Chess.com"]
[Date "2024.03.19"]
[Round "4"]
[White "Laico"]
[Black "ritanovikova"]
[Result "1-0"]
[WhiteElo "2433"]
[BlackElo "2211"]
[TimeControl "180+1"]
[EndTime "8:36:13 PDT"]
[Termination "Laico won by resignation"]

1. e4 e5 2. Nc3 Nf6 3. f4 exf4 4. e5 Qe7 5. Qe2 Ng8 6. Nd5 Qd8 7. Nf3 c6 8. Nxf4 Qe7 9. d4 d6 10. Be3 dxe5 11.
dxe5 Nd7 12. O-O-O Nxe5 13. Nxe5 Qxe5 14. Qd2 Bg4 15. Re1 Rd8 16. Bd4 Bd6 17. Bxe5 Bxe5 18. Rxe5+ 1-0

[Event "Early-Titled-Tuesday-Blitz-March-19-2024"]
[Site "Chess.com"]
[Date "2024.03.19"]
[Round "4"]
[White "Predator0608"]
[Black "Arteler"]
[Result "1-0"]
[WhiteElo "2568"]
[BlackElo "2383"]
[TimeControl "180+1"]
[EndTime "8:36:19 PDT"]
[Termination "Predator0608 won by checkmate"]

1. g3 d5 2. Bg2 e6 3. e3 Nf6 4. Ne2 c5 5. O-O Nc6 6. b3 Be7 7. Bb2 O-O 8. d3 b6 9. Nd2 Bb7 10. e4 dxe4 11. Nxe4 Nxe4 12. Bxe4 Na5 13. Bxb7 Nxb7 14.
Qd2 Bf6 15. Bc3 Nd6 16. Qf4 Bxc3 17. Nxc3 Qe7 18. Rfe1 Qd7 19. g4 Rad8 20. Re3 Nb5 21. Nxb5 Qxb5 22. Rae1 Rd4 23. Re4 Rfd8 24. Rxd4 Rxd4 25.
Qb8+ Rd8 26. Qxd8+ Qe8 27. Qxe8# 1-0

[Event "Early-Titled-Tuesday-Blitz-March-19-2024"]
[Site "Chess.com"]
[Date "2024.03.19"]
[Round "4"]
[White "maximnovik"]
[Black "temus_galaktionov"]
[Result "1/2-1/2"]
[WhiteElo "2624"]
[BlackElo "2862"]
[TimeControl "180+1"]
[EndTime "8:36:29 PDT"]
[Termination "Game drawn by repetition"]

1. e4 c6 2. d4 g6 3. Nc3 d6 4.
h3 Bg7 5. Nf3 Nd7 6. a4 e5 7. dxe5 dxe5 8. Nd2 Ngf6 9. Nc4 O-O 10.
Be2 Nc5 11. Qxd8 Rxd8 12. f3 Nh5 13. Be3 Ne6 14. Kf2 Nhf4 15. Rhd1 Rxd1 16. Rxd1 Nxe2 17. Nxe2 b6 18. a5 Ba6 19. Nd2 b5 20. Nb3 Bf8 21. Rd7 c5 22. Nc3 b4 23. Nd5 Bb5 24. Rb7 Ba6 25. Rd7 Bb5 26. Rb7 Ba6 27. Rd7 1/2-1/2

[Event "Early-Titled-Tuesday-Blitz-March-19-2024"]
[Site "Chess.com"]
[Date "2024.03.19"]
[Round "4"]
[White "Statham_01"]
[Black "Susal_De_Silva"]
[Result "1-0"]
[WhiteElo "2602"]
[BlackElo "2801"]
[TimeControl "180+1"]
[EndTime "8:36:30 PDT"]
[Termination "Statham_01 won by checkmate"]

1. e4 e5 2. Nf3 Nc6 3. c3 d5 4. Bb5 dxe4 5. Nxe5 Qd5 6. Qa4 Ne7 7. f4 a6 8. Bc4 Qc5 9. b4 Qa7 10. Bxf7+ Kd8 11.
Bb2 Nxe5 12. Qe8# 1-0

[Event "Early-Titled-Tuesday-Blitz-March-19-2024"]
[Site "Chess.com"]
[Date "2024.03.19"]
[Round "4"]
[White "kenta1234"]
[Black "Pingah9"]
[Result "1-0"]
[WhiteElo "2817"]
[BlackElo "2585"]
[TimeControl "180+1"]
[EndTime "8:36:32 PDT"]
[Termination "kenta1234 won by resignation"]

1. Nf3 g6 2. c4 Bg7 3. g3 b6 4. Bg2 Bb7 5. O-O d6 6. Nc3 Nd7 7. d4 e6 8. e4 Ne7 9. Re1 O-O 10. Qc2 a6 11. b3 h6 12. Bb2 e5 13. Rad1 Nc6 14.
dxe5 Ndxe5 15. Nxe5 Nxe5 16. f4 Nd7 17. Nd5 Bxd5 18. cxd5 Bxb2 19. Qxb2 a5 20. e5 Nc5 21. e6 Qe7 22. a3 Kh7 23. b4 axb4 24. axb4 Na4 25. Qc2 b5 26. f5 Kg7 27. Rc1 Ra7 28. Qf2 g5 29. Qxa7 1-0

[Event "Early-Titled-Tuesday-Blitz-March-19-2024"]
[Site "Chess.com"]
[Date "2024.03.19"]
[Round "4"]
[White "MightyMike_009"]
[Black "LLariMarc"]
[Result "1-0"]
[WhiteElo "2723"]
[BlackElo "2412"]
[TimeControl "180+1"]
[EndTime "8:36:36 PDT"]
[Termination "MightyMike_009 won by resignation"]

1. d4 f5 2. g3 Nf6 3. Bg2 g6 4.
Nf3 Bg7 5. O-O O-O 6. c4 d6 7.
b3 a5 8. a3 Nbd7 9. Bb2 e6 10.
Nc3 c6 11. Ng5 Re8 12. d5 Nf8 13. dxc6 Rb8 14. Nb5 bxc6 15. Nxd6 Re7 16. Be5 Rb6 17. c5 Ra6 18. Nxf5 Rd7 19. Nd6 h6 20. Nf3 Nd5 21. Bxg7 Kxg7 22. e4 Nf6 23. Ne5 Raa7 24. Nxc6 Qc7 25. e5 1-0